 Dungeon Crawl Stone Soup version 0.25.1-2-g60ff931df9 (webtiles) character file.

Game seed: 8399289809544728685

442 Exodus22XD the Skirmisher (level 7, -5/84 HPs)
             Began as a Human Berserker on Oct 17, 2020.
             Was an Elder of Trog.
             Splashed by a jelly's acid (10 damage)
             ... on level 5 of the Dungeon.
             The game lasted 00:05:05 (4615 turns).

Exodus22XD the Skirmisher (Human Berserker)         Turns: 4615, Time: 00:05:07

Health: -5/84      AC:  1    Str: 19    XL:     7   Next: 23%
Magic:  7/7        EV:  7    Int:  7    God:    Trog [****..]
Gold:   194        SH:  0    Dex: 13    Spells: 6/6 levels left

rFire    . . .     SeeInvis .   a - +0 falchion
rCold    . . .     Gourm    .   (no shield)
rNeg     . . .     Faith    +   o - +0 plate armour
rPois    .         Spirit   .   (no helmet)
rElec    .         Reflect  .   i - +0 cloak
rCorr    .         Harm     .   q - +2 pair of gloves
MR       .....                  b - +0 pair of boots
Stlth    ..........             g - amulet of faith
HPRegen  0.24/turn              (no ring)
MPRegen  0.10/turn              (no ring)

@: berserking, corroded, very quick
A: no striking features
a: Berserk, Trog's Hand, Brothers in Arms, Renounce Religion


You were on level 5 of the Dungeon.
You worshipped Trog.
Trog was greatly pleased with you.
You were very hungry.

You visited 1 branch of the dungeon, and saw 5 of its levels.

You collected 194 gold pieces.

Inventory:

Hand Weapons
 a - a +0 falchion (weapon)
 f - a +1 short sword of speed
Armour
 b - a +0 pair of boots (worn)
 i - a +0 cloak (worn)
 o - a +0 plate armour (worn)
 q - a +2 pair of gloves (worn)
Jewellery
 g - an amulet of faith (around neck)
 l - an uncursed amulet of reflection {unknown}
Scrolls
 e - 6 scrolls of identify {unknown}
 h - a scroll of blinking {unknown}
 k - a scroll of random uselessness {unknown}
 m - 2 scrolls of teleportation {unknown}
 p - a scroll of enchant weapon {unknown}
 s - 5 scrolls of remove curse {unknown}
 v - a scroll of magic mapping {unknown}
 w - a scroll of amnesia {unknown}
Potions
 d - a potion of magic {unknown}
 j - 2 potions of might {unknown}
 n - a potion of resistance {unknown}
 r - 3 potions of brilliance {unknown}
 t - a potion of mutation {unknown}
 u - a potion of flight {unknown}
 x - a potion of lignification {unknown}
 z - 2 potions of curing {unknown}
Comestibles
 c - 9 rations


   Skills:
 + Level 5.4 Fighting
 * Level 4.6 Long Blades
 + Level 3.5 Armour
 + Level 3.2 Dodging


You had 6 spell levels left.
You didn't know any spells.
Your spell library was empty.

Dungeon Overview and Level Annotations

Branches:
Dungeon (5/15)
 Temple: D:4-7

Altars:
Dithmenos
Makhleb


Message History

The jelly is severely wounded.
The jelly barely misses you.
You hit the jelly. The acid corrodes you!
Your hands burn!
The jelly is severely wounded.
The jelly barely misses you.
You hit the jelly but do no damage. The acid corrodes you!
Your hands burn!
* * * LOW HITPOINT WARNING * * *
The jelly is severely wounded.
The jelly hits you.
* * * LOW HITPOINT WARNING * * *
You are splashed with acid!
* * * LOW HITPOINT WARNING * * *
A red film seems to cover your vision as you go berserk!
You feel yourself moving faster!
You feel mighty!
You are feeling very hungry.
The jelly jiggles.
The jelly hits you.
* * * LOW HITPOINT WARNING * * *
You are splashed with acid!
You die...

#..########...########
#.#.....##.#........#
#..........#........#
#.>.......##....[...#
#...>.....##........####
#.........##...........#
#.....$...##........##.#
#........(##........##..
#......@..##............
#......J..#############.
#.........# #.
#.........# ##
#.........# ##.......##
##.....## #######


You could see a jelly.

Vanquished Creatures
  An ogre (D:4)
  A howler monkey (D:4)
  A hound (D:4)
  2 orc wizards (D:4)
  Natasha (D:3)
  6 adders
  A howler monkey skeleton (D:4)
  An ooze (D:2)
  4 worms
  7 dart slugs
  3 leopard geckos
  10 orcs
  7 bats
  5 giant cockroaches
  10 goblins
  11 hobgoblins
  8 jackals
  10 kobolds
  A quokka (D:4)
  A ball python (D:3)
  5 frilled lizards
  A quokka skeleton (D:4)
  13 rats
110 creatures vanquished.

Notes
Turn   | Place    | Note
-------+----------+-------------------------------------------
     0 | D:1      | Exodus22XD the Human Berserker began the quest for the Orb.
     0 | D:1      | Reached XP level 1. HP: 18/18 MP: 1/1
   190 | D:1      | Reached XP level 2. HP: 24/24 MP: 2/2
   657 | D:1      | Reached XP level 3. HP: 27/29 MP: 3/3
   997 | D:1      | Reached ** piety under Trog
  1327 | D:1      | Reached XP level 4. HP: 37/37 MP: 4/4
  1587 | D:2      | Reached skill level 4 in Fighting
  1712 | D:2      | Reached XP level 5. HP: 42/42 MP: 5/5
  2123 | D:2      | Reached *** piety under Trog
  2775 | D:3      | Found a shadowy altar of Dithmenos.
  2925 | D:3      | Noticed Natasha
  2939 | D:3      | Killed Natasha
  3369 | D:4      | Found a burning altar of Makhleb.
  3373 | D:4      | Reached XP level 6. HP: 41/49 MP: 6/6
  3476 | D:4      | Reached **** piety under Trog
  3650 | D:4      | Noticed an ogre
  3659 | D:4      | Killed an ogre
  3659 | D:4      | Reached skill level 5 in Fighting
  3874 | D:4      | Reached XP level 7. HP: 44/56 MP: 7/7
  4445 | D:5      | Entered Level 5 of the Dungeon
  4615 | D:5      | Splashed by a jelly's acid

Illustrated notes

Levels and vault maps discovered:
D:1:      ncdulo_halloftheorcs, layout_basic, minmay_pentomino_w4
D:2:      minmay_evil_eye, layout_loops_ring
D:3:      layout_basic, marbit_many_paths, lightli_corner_chamber, uniq_natasha
D:4:      layout_gridville, bloody_makhleb
D:5:      layout_rooms, fedhas_altar_3, amethyst_overflow_temple_binary,
          minmay_temple_entry_drinking_statues, first_ration

Skill      XL: |  1  2  3  4  5  6 |
---------------+-------------------+-----
Fighting       | 4 5 |  5.4
Long Blades    | 4 |  4.6
Dodging        | 3 |  3.2
Armour         | 3 |  3.5

Action                   |  1- 3 |  4- 6 |  7- 9 || total
-------------------------+-------+-------+-------++-------
Melee: Falchion          |    25 |       |    29 ||    54
       Short sword       |    82 |   247 |    50 ||   379
Invok: Berserk           |       |     3 |     1 ||     4
 Stab: Sleeping          |     1 |       |       ||     1
  Eat: Chunk             |     1 |    11 |     2 ||    14
Armor: Animal skin       |    16 |       |       ||    16
       Plate armour      |    31 |   124 |    74 ||   229
Dodge: Dodged            |    56 |    45 |    38 ||   139
       Rpst.: Falchion   |    10 |       |     8 ||    18
